 Dungeon Crawl Stone Soup version 0.22.0-49-gab54619674 (webtiles) character file.

564 xpt754 the Shield-Bearer (level 7, -2/58 HPs)
             Began as a Minotaur Fighter on Sept 7, 2018.
             Was an Initiate of Makhleb.
             Slain by a worker ant (5 damage)
             ... on level 5 of the Dungeon.
             The game lasted 00:30:14 (4074 turns).

xpt754 the Shield-Bearer (Minotaur Fighter)         Turns: 4074, Time: 00:30:21

Health: -2/58      AC:  3    Str: 23    XL:     7   Next: 10%
Magic:  6/6        EV: 13    Int:  5    God:    Makhleb [......]
Gold:   190        SH:  0    Dex:  9    Spells: 6/6 levels left

rFire    . . .     SeeInvis .   w - +0 halberd
rCold    . . .     Gourm    .   (shield currently unavailable)
rNeg     . . .     Faith    .   j - +0 leather armour
rPois    .         Spirit   .   (helmet restricted)
rElec    .         Reflect  .   (no cloak)
rCorr    .         Harm     .   (no gloves)
MR       .....                  (no boots)
Stlth    +.........             (no amulet)
HPRegen  0.19/turn              (no ring)
MPRegen  0.10/turn              (no ring)

@: no status effects
A: retaliatory headbutt, horns 2
a: Renounce Religion


You were on level 5 of the Dungeon.
You worshipped Makhleb.
Makhleb was noncommittal.
You were not hungry.

You visited 1 branch of the dungeon, and saw 5 of its levels.

You collected 190 gold pieces.

Inventory:

Hand Weapons
 a - a +0 trident
 v - a +0 giant club
 w - a +0 halberd (weapon)
Armour
 c - a +0 shield
 j - a +0 leather armour (worn)
Wands
 s - a wand of iceblast (10)
 x - a wand of enslavement (11)
Scrolls
 g - a scroll of identify
 h - a scroll of random uselessness
 i - 5 scrolls of teleportation
 l - 5 scrolls of magic mapping {unknown}
 m - 2 scrolls of noise {unknown}
 n - a scroll of enchant armour {unknown}
 p - a scroll of remove curse {unknown}
 r - a scroll of fog {unknown}
 u - 2 scrolls of enchant weapon {unknown}
Potions
 b - a potion of berserk rage {unknown}
 d - 2 potions of might
 e - 3 potions of haste
 k - a potion of lignification
 o - 2 potions of curing {unknown}
 q - 2 potions of agility {unknown}
 t - 3 potions of degeneration {unknown}
Comestibles
 f - 7 rations
 z - 2 chunks of flesh


   Skills:
 - Level 3.8 Fighting
 + Level 3.1 Polearms
 - Level 4.0 Armour
 * Level 4.9 Dodging
 + Level 1.2 Stealth
 + Level 7.2 Shields


You had 6 spell levels left.
You didn't know any spells.
Your spell library was empty.

Dungeon Overview and Level Annotations

Branches:
Dungeon (5/15)
 Temple: D:4-7

Altars:
Elyvilon
Makhleb
Sif Muna


Innate Abilities, Weirdness & Mutations

You reflexively headbutt those who attack you in melee.
You have a pair of horns on your head.


Message History

* * * LOW HITPOINT WARNING * * *
Something hits you but does no damage.
As you read the scroll of teleportation, it crumbles to dust.
You feel strangely unstable. Something hits you.
* * * LOW HITPOINT WARNING * * *
Something hits you but does no damage.
You closely miss something. Something hits you.
* * * LOW HITPOINT WARNING * * *
Something hits you.
* * * LOW HITPOINT WARNING * * *
You barely miss something. Your headbutt misses something. Something hits you.
* * * LOW HITPOINT WARNING * * *
Something hits you but does no damage.
You miss something. Your headbutt misses something.
Your surroundings suddenly seem different.
A worker ant comes into view.
The worker ant twitches its antennae in your direction.
A leopard gecko comes into view.
The worker ant bites you.
You die...

..........#
.........%### #
#.................#..
#................)...
#....................
#....................
#...............$....
#...........a@.......
.....$...............
#..!..#............
#####.#.#...$......
#.#.#.#........
#.#.#.######...
#.#...####.....
#.##......># .. #
#)###..#


You could see a worker ant.

Vanquished Creatures
  An ogre (D:4)
  A hound (D:4)
  A jelly (D:5)
  An orc wizard (D:3)
  An orc priest (D:5)
  A bullfrog skeleton (D:4)
  Ijyb (D:4)
  2 iguanas (D:4)
  A worker ant (D:4)
  4 gnolls (D:5)
  10 adders
  An ooze (D:4)
  4 dart slugs
  A worm (D:2)
  3 leopard geckos
  7 orcs
  3 ball pythons
  6 bats
  3 giant cockroaches
  9 goblins
  9 hobgoblins
  6 jackals (D:2)
  3 quokkas
  5 frilled lizards
  A jackal skeleton (D:4)
  3 kobolds
  A leopard gecko skeleton (D:4)
  5 rats
94 creatures vanquished.

Notes
Turn   | Place    | Note
-------+----------+-------------------------------------------
     0 | D:1      | xpt754 the Minotaur Fighter began the quest for the Orb.
     0 | D:1      | Reached XP level 1. HP: 19/19 MP: 0/0
    53 | D:1      | Reached XP level 2. HP: 24/27 MP: 1/1
   251 | D:1      | Reached skill level 4 in Shields
   872 | D:2      | Reached XP level 3. HP: 17/33 MP: 2/2
  1088 | D:2      | Reached skill level 1 in Dodging
  1388 | D:2      | Reached XP level 4. HP: 40/40 MP: 3/3
  1449 | D:2      | Reached skill level 5 in Shields
  1807 | D:3      | Reached XP level 5. HP: 46/46 MP: 4/4
  2451 | D:4      | Noticed Ijyb
  2456 | D:4      | Reached skill level 6 in Shields
  2461 | D:4      | Killed Ijyb
  2466 | D:4      | Found a white marble altar of Elyvilon.
  2594 | D:4      | Noticed an ogre
  2599 | D:4      | Killed an ogre
  2599 | D:4      | Reached XP level 6. HP: 52/52 MP: 5/5
  2620 | D:4      | Reached skill level 1 in Stealth
  3635 | D:4      | Found a deep blue altar of Sif Muna.
  3891 | D:5      | Entered Level 5 of the Dungeon
  3905 | D:5      | Reached skill level 7 in Shields
  3932 | D:5      | Found a burning altar of Makhleb.
  3937 | D:5      | Became a worshipper of Makhleb the Destroyer
  3975 | D:5      | Reached XP level 7. HP: 32/58 MP: 6/6
  4074 | D:5      | Slain by a worker ant

Skill      XL: |  1  2  3  4  5  6 |
---------------+-------------------+-----
Shields        | 4 5 6 7 |  7.2
Armour         | 4 |  4.0
Dodging        | 1 2 3 4 |  4.9
Stealth        | 1 |  1.2
Polearms       | 3 |  3.1
Fighting       | |  3.8

Action                   |  1- 3 |  4- 6 |  7- 9 || total
-------------------------+-------+-------+-------++-------
Melee: Trident           |    90 |   147 |       ||   237
       Headbutt          |     9 |    17 |     2 ||    28
       Halberd           |       |     9 |    14 ||    23
  Use: Scroll            |       |     3 |     1 ||     4
       Potion            |       |     1 |       ||     1
  Eat: Ration            |     1 |     1 |       ||     2
       Chunk             |       |     6 |       ||     6
Armor: Scale mail        |    17 |       |       ||    17
       Leather armour    |    17 |    21 |     4 ||    42
Dodge: Dodged            |    34 |    66 |     2 ||   102
Block: Shield            |    34 |    91 |       ||   125
